 Dungeon Crawl Stone Soup version 0.30.0-18-gc0e69614cb (webtiles) character file.

Game seed: 3264002587926431232

5472 olmar the Magician (level 10, 0/79 HPs)
             Began as a Gnoll Warper on May 25, 2023.
             Slain by a yak (23 damage)
             ... on level 9 of the Dungeon.
             The game lasted 00:25:11 (9595 turns).

olmar the Magician (Gnoll Warper)                   Turns: 9595, Time: 00:25:12

Health: 0/79       AC:  7    Str: 10    XL:     10   Next: 69%
Magic:  18/30      EV: 16    Int: 17    God:
Gold:   491        SH:  0    Dex: 18    Spells: 7/24 levels left

rFire   + . .        Y - +2 dagger (chaos)
rCold   . . .        (no shield)
rNeg    . . .        w - +2 robe {rF+}
rPois   .            (helmet currently unavailable)
rElec   .            U - +2 cloak
rCorr   .            (no gloves)
SInv    .            N - melded +0 pair of boots
Will    .....        J - amulet of magic regeneration
Stlth   +++          C - ring of magical power
HPRegen 0.33/turn    G - +6 ring of dexterity
MPRegen 0.62/turn

%: no passive effects
@: appendages (expiring), marked
A: horns 2, talons 2, fangs 1, strong nose, distributed training
a: End Transformation


You were on level 9 of the Dungeon.
You had temporarily grown beastly horns and talons.
You visited 2 branches of the dungeon, and saw 10 of its levels.
You also visited: Ossuary.

You collected 491 gold pieces.

Inventory:

Hand Weapons
 a - a +0 mace
 h - a +2 vampiric dagger
 r - a +2 great sword of distortion
 u - a +2 dagger of venom
 v - a +1 whip of freezing
 x - a +2 scythe of venom
 Y - a +2 dagger of chaos (weapon)
Missiles
 d - 6 boomerangs of dispersal
 g - 5 curare-tipped darts
 j - 3 silver boomerangs
 y - 9 poisoned darts
 V - a throwing net (quivered)
Armour
 b - a +0 leather armour
 l - a +0 buckler
 q - a +2 animal skin
 w - a +2 robe of fire resistance (worn)
 N - a +0 pair of boots (melded)
 U - a +2 cloak (worn)
Magical Staves
 T - a staff of air
Jewellery
 C - a ring of magical power (left hand)
 F - a ring of fire
 G - a +6 ring of dexterity (right hand)
 J - an amulet of magic regeneration (around neck)
 W - a ring of willpower
Wands
 e - a wand of flame (2)
 k - a wand of mindburst (8)
 Q - a wand of charming (5)
 S - a wand of light (22)
Scrolls
 c - a scroll of blinking
 m - 4 scrolls of vulnerability
 n - 2 scrolls of poison
 p - 2 scrolls of fear
 t - 2 scrolls of enchant weapon
 A - 2 scrolls of amnesia
 I - 2 scrolls of fog
 L - 10 scrolls of noise
 M - 2 scrolls of immolation
 O - 5 scrolls of identify
 P - a scroll of brand weapon {unknown}
 X - 2 scrolls of teleportation
Potions
 f - a potion of might
 i - 4 potions of lignification {unknown}
 o - 14 potions of degeneration
 s - a potion of resistance {unknown}
 z - a potion of mutation {unknown}
 B - a potion of ambrosia
 D - a potion of magic {unknown}
 E - 2 potions of brilliance {unknown}
 H - a potion of haste {unknown}
 K - 2 potions of curing
 R - 2 potions of flight {unknown}


   Skills:
 + Level 7.4 Fighting
 + Level 5.7 Short Blades
 + Level 5.7 Long Blades
 + Level 5.7 Axes
 + Level 7.4 Maces & Flails
 + Level 5.7 Polearms
 + Level 5.7 Staves
 + Level 5.7 Ranged Weapons
 + Level 6.3 Throwing
 + Level 6.3 Armour
 + Level 7.4 Dodging
 + Level 5.7 Stealth
 + Level 5.7 Shields
 + Level 5.7 Unarmed Combat
 + Level 7.7 Spellcasting
 + Level 4.7 Conjurations
 + Level 4.7 Hexes
 + Level 4.7 Summonings
 + Level 4.7 Necromancy
 + Level 7.3 Translocations
 + Level 4.7 Transmutations
 + Level 4.7 Fire Magic
 + Level 4.7 Ice Magic
 + Level 4.7 Air Magic
 + Level 4.7 Earth Magic
 + Level 4.7 Poison Magic
 + Level 6.3 Invocations
 + Level 5.7 Evocations


You had 7 spell levels left.
You knew the following spells:

 Your Spells              Type           Power      Damage    Failure   Level
a - Blink                 Tloc           62%        N/A       1%          2
b - Teleport Other        Tloc           31%        N/A       1%          3
c - Ensorcelled Hibernat  Hex/Ice        44%        N/A       2%          2
d - Manifold Assault      Tloc           31%        N/A       5%          4
e - Beastly Appendage     Tmut           44%        N/A       1%          1
f - Scorch                Fire           44%        2d6       2%          2
g - Vhi's Electric Charg  Tloc/Air       54%        N/A       2%          3

Your spell library contained the following spells:

 Spells                   Type           Power      Damage    Failure   Level
 Lesser Beckoning         Tloc           62%        N/A       1%          2
 Cigotuvi's Dreadful Rot  Necr/Pois/Air  44%        N/A       2%          2
 Wereblood                Tmut           22%        N/A       2%          2
 Ignite Poison            Fire/Tmut/Pois 22%        N/A       4%          3
 Spider Form              Tmut/Pois      22%        N/A       4%          3
 Anguish                  Hex/Necr       11%        N/A       16%         4
 Flame Wave               Conj/Fire      22%        2d8       16%         4
 Freezing Cloud           Conj/Ice/Air   11%        6-21      38%         5
 Summon Cactus Giant      Summ           11%        N/A       93%         6


Dungeon Overview and Level Annotations

Branches:
Dungeon (9/15)             Temple (1/1) D:6         Ossuary (visited)
   Lair: D:8-11         Orc: D:9-12

Altars:
Ashenzari
Cheibriados
Dithmenos
Elyvilon
Fedhas
Hepliaklqana
Kikubaaqudgha
Makhleb
Nemelex Xobeh
Okawaru
Qazlal
Ru
Trog
Uskayaw
Vehumet
Wu Jian
Yredelemnul
The Shining One

Shops:
D:1 [   D:5 =   D:7 *

Annotations:
D:6 3 runed translucent doors, Voxie's ghost, novice GrFi


Innate Abilities, Weirdness & Mutations

You have temporarily grown beastly horns and talons.
You have very sharp teeth.
Your uncanny sense of smell can sniff out nearby items.
Your experience applies equally to all skills.


Message History

Something hits you.
Your yak gores the centaur!
The yak completely misses your yak.
You miss something.
Reactivating autopickup.
You feel a bit more experienced.
Your orc warrior barely misses the centaur.
The centaur unwields the +8 rapier of the Coward {freeze, rC+ Str+3 Int-2}.
The centaur wields a +0 heavy shortbow.
The centaur shoots an arrow.
The arrow hits your yak!!
Your yak dies!
Unknown command.
You hit the yak. You freeze the yak. You claw the yak! You headbutt the yak.
The yak is heavily wounded.
Your orc warrior hits the centaur with a +0 dire flail!!
The centaur dies!
Unknown command.
You hit the yak but do no damage.
The yak seems to slow down.
Your kick misses the yak.
The yak is heavily wounded.
The yak is no longer moving slowly.
Your orc warrior hits the yak with a +0 dire flail!
The yak gores your orc warrior. The yak gores you!
Your orc warrior hits the yak with a +0 dire flail!
You hit the yak but do no damage.
The yak seems to grow stronger.
You claw the yak. Your punch misses the yak.
The yak is heavily wounded.
The yak closely misses your orc warrior.
Your orc warrior hits the yak with a +0 dire flail!
The yak gores you!!
* * * LOW HITPOINT WARNING * * *
Unknown command.
You hit the yak. You headbutt the yak.
The yak is severely wounded.
Your orc warrior hits the yak with a +0 dire flail!!
The yak dies!
Unknown command.
You hit the yak. You freeze the yak. You claw the yak, but do no damage.
The yak is severely wounded.
The yak gores you!!
You die...

#.........
#.........
#.........
##.........
#..........
#..........
#)c.#......
#oY## .....
#)@# ....
#..# ...
##..# .o
#...# .
##..# #..#
#..# #..##
#...#


You could see a yak (strong, ally target), a centaur and a friendly orc warrior
(charmed, berserk).

Vanquished Creatures
  Pikel (D:6)
  A manticore (D:9)
  Psyche (D:8)
  Sigmund (D:2)
  A shadow (D:5)
  A wyvern (D:6)
  Eustachio (D:6)
  A steam dragon (D:7)
  An acid dragon (D:8)
  A water moccasin (D:6)
  Duvessa (D:7)
  2 ice beasts
  An orc warrior (D:9)
  4 sky beasts
  A black bear (D:5)
  A centaur (D:8)
  A kobold brigand (D:9)
  4 scorpions
  3 elf skeletons (D:6)
  7 wights (D:9)
  3 killer bees (D:9)
  Dowan (D:7)
  2 centaur zombies (Ossuary)
  A human zombie (Ossuary)
  3 hounds
  2 gnoll boudas (D:8)
  2 sleepcaps (D:4)
  Jessica (D:2)
  A human skeleton (D:6)
  6 orc wizards
  Natasha (thrice) (D:3)
  Robin (D:3)
  4 mummies (Ossuary)
  10 gnolls (D:8)
  15 adders
  A shadow imp (D:5)
  2 white imps (D:6)
  An ufetubus (D:7)
  A worm (D:2)
  4 dart slugs
  19 orcs
  8 bats
  9 endoplasms
  2 giant cockroaches (D:1)
  21 goblins
  7 hobgoblins
  7 quokkas
  3 ball pythons
  3 frilled lizards (D:1)
  7 kobolds
  2 kobold zombies (Ossuary)
  An orc skeleton (D:6)
  4 orc zombies
  5 rats
197 creatures vanquished.

Vanquished Creatures (collateral kills)
  2 yaks (D:9)
  2 centaurs (D:9)
  An orc (D:9)
5 creatures vanquished.

Vanquished Creatures (others)
  A yak (D:9)
  An orc (D:3)
2 creatures vanquished.

Grand Total: 204 creatures vanquished

Notes
Turn   | Place    | Note
-------+----------+-------------------------------------------
     0 | D:1      | olmar the Gnoll Warper began the quest for the Orb.
     0 | D:1      | Reached XP level 1. HP: 20/20 MP: 6/6
   110 | D:1      | Found Xuufim's Armour Shop.
   231 | D:1      | Reached XP level 2. HP: 23/26 MP: 7/7
   418 | D:1      | Learned a level 2 spell: Blink
   450 | D:1      | Reached skill level 5 in Spellcasting
   450 | D:1      | Reached XP level 3. HP: 25/31 MP: 7/9
   588 | D:1      | Found a faded altar of an unknown god.
   823 | D:2      | Noticed Sigmund
   934 | D:2      | Reached skill level 1 in Invocations
  1167 | D:3      | Reached skill level 1 in Short Blades
  1167 | D:3      | Reached skill level 1 in Long Blades
  1167 | D:3      | Reached skill level 1 in Axes
  1167 | D:3      | Reached skill level 1 in Polearms
  1167 | D:3      | Reached skill level 1 in Staves
  1167 | D:3      | Reached skill level 1 in Ranged Weapons
  1167 | D:3      | Reached skill level 1 in Stealth
  1167 | D:3      | Reached skill level 1 in Shields
  1167 | D:3      | Reached skill level 1 in Unarmed Combat
  1167 | D:3      | Reached skill level 1 in Evocations
  1299 | D:3      | Identified the +3 leather armour of Ignis {rCorr}
  1339 | D:3      | Reached XP level 4. HP: 35/38 MP: 11/11
  1479 | D:3      | Noticed Natasha
  1529 | D:3      | Reached skill level 1 in Conjurations
  1529 | D:3      | Reached skill level 1 in Hexes
  1529 | D:3      | Reached skill level 1 in Summonings
  1529 | D:3      | Reached skill level 1 in Necromancy
  1529 | D:3      | Reached skill level 1 in Transmutations
  1529 | D:3      | Reached skill level 1 in Fire Magic
  1529 | D:3      | Reached skill level 1 in Ice Magic
  1529 | D:3      | Reached skill level 1 in Air Magic
  1529 | D:3      | Reached skill level 1 in Earth Magic
  1529 | D:3      | Reached skill level 1 in Poison Magic
  1545 | D:3      | Killed Natasha
  1561 | D:3      | Noticed Robin
  1580 | D:3      | Killed Robin
  1581 | D:3      | Reached XP level 5. HP: 32/43 MP: 12/12
  1597 | D:3      | Noticed Natasha
  1755 | D:3      | Killed Natasha
  1849 | D:3      | Found a radiant altar of Vehumet.
  2039 | D:3      | Noticed Natasha
  2049 | D:3      | Killed Natasha
  2508 | D:2      | Noticed Jessica
  2518 | D:2      | Killed Jessica
  2672 | D:2      | Killed Sigmund
  2673 | D:2      | Reached skill level 5 in Fighting
  2673 | D:2      | Reached skill level 5 in Maces & Flails
  2673 | D:2      | Reached skill level 5 in Dodging
  2673 | D:2      | Reached XP level 6. HP: 38/51 MP: 14/14
  3116 | D:4      | Reached XP level 7. HP: 19/56 MP: 15/15
  3420 | D:4      | Found a white marble altar of Elyvilon.
  3456 | D:4      | Found the +0 toga "Victory" {*Victory Clar}
  3506 | D:4      | Found a broken altar of Ashenzari.
  3734 | D:4      | Learned a level 3 spell: Teleport Other
  3737 | D:4      | Learned a level 2 spell: Ensorcelled Hibernation
  3873 | D:4      | Found a sparkling altar of Nemelex Xobeh.
  3875 | D:4      | You fall into a shaft and drop 1 floor!
  3875 | D:5      | Entered Level 5 of the Dungeon
  4071 | D:5      | Noticed a shadow
  4105 | D:5      | Killed a shadow
  4109 | D:5      | Reached XP level 8. HP: 18/63 MP: 16/16
  4271 | D:5      | Found Egeepp's Jewellery Shop.
  5435 | D:6      | Found a staircase to the Ecumenical Temple.
  5459 | Temple   | Entered the Ecumenical Temple
  5581 | D:6      | Learned a level 4 spell: Manifold Assault
  5585 | D:6      | Noticed Voxie's ghost (novice GrFi)
  5600 | D:6      | Noticed Pikel
  5617 | D:6      | Killed Pikel
  5782 | D:6      | Found a snail-covered altar of Cheibriados.
  5802 | D:6      | Reached XP level 9. HP: 31/69 MP: 18/18
  5815 | D:6      | Noticed Eustachio
  5844 | D:6      | Killed Eustachio
  5845 | D:6      | Reached skill level 5 in Throwing
  5845 | D:6      | Reached skill level 5 in Armour
  5874 | D:6      | Found a runed translucent gate.
  5874 | D:6      | Found a runed translucent gate.
  5874 | D:6      | Found a runed translucent gate.
  6013 | D:6      | Found a sand-covered staircase.
  6031 | Ossuary  | Entered an ossuary
  6034 | Ossuary  | Learned a level 1 spell: Beastly Appendage
  6037 | Ossuary  | Learned a level 2 spell: Scorch
  6041 | Ossuary  | Learned a level 3 spell: Vhi's Electric Charge
  6509 | D:6      | Reached skill level 5 in Invocations
  7196 | D:7      | Found Ulucerph's Overcharged Wands.
  7901 | D:7      | Noticed Duvessa
  7908 | D:7      | Noticed Dowan
  7913 | D:7      | Killed Duvessa
  7916 | D:7      | Killed Dowan
  8087 | D:8      | Reached skill level 5 in Short Blades
  8087 | D:8      | Reached skill level 5 in Long Blades
  8087 | D:8      | Reached skill level 5 in Axes
  8087 | D:8      | Reached skill level 5 in Polearms
  8087 | D:8      | Reached skill level 5 in Staves
  8087 | D:8      | Reached skill level 5 in Ranged Weapons
  8087 | D:8      | Reached skill level 5 in Stealth
  8087 | D:8      | Reached skill level 5 in Shields
  8087 | D:8      | Reached skill level 5 in Unarmed Combat
  8087 | D:8      | Reached skill level 5 in Evocations
  8149 | D:8      | Reached XP level 10. HP: 72/77 MP: 13/20
  8534 | D:8      | Noticed Psyche
  8539 | D:8      | Killed Psyche
  8636 | D:8      | Found an iron altar of Okawaru.
  8952 | D:9      | Noticed a manticore
  8977 | D:9      | Killed a manticore
  9176 | D:9      | Found an ancient bone altar of Kikubaaqudgha.
  9576 | D:9      | Identified the +8 rapier of the Coward {freeze, rC+ Str+3
                  | Int-2}
  9595 | D:9      | Slain by a yak

Illustrated notes

Levels and vault maps discovered:
D:1:      dpeg_arrival_simpleton_b, layout_loops_ring, serial_shops, shop,
          shapermc_ecumenical_altar_mp_urbaneastern, minmay_statues_item
D:2:      layout_basic, uniq_jessica, uniq_sigmund
D:3:      layout_loops_ring, fiery_altar_vehumet, uniq_robin, uniq_natasha
D:4:      layout_loops_cross, kennysheep_mini,
          mainiacjoe_overflow_surrounded_room, ashenzari_altar_1, minmay_vboxes
D:5:      layout_layer_cave, serial_shops, nicolae_shop_behind_doors,
          nrook_uturn
D:6:      layout_rooms, mainiacjoe_overflow_boulevard, temple_statues,
          nicolae_ossuary_entry_catacombs, gammafunk_ghost_icy,
          chequers_serial_rivers_micro_a, nicolae_half_adder, uniq_pikel,
          uniq_eustachio
D:7:      layout_basic, minmay_misc_feat_chi, nicolae_shop_overcharged_wands,
          uniq_duvessa
D:8:      layout_cave_pools, okawaru_altar_gauntlet_db, uniq_psyche
D:9:      layout_cave_pods, grunt_temple_overflow_gold_and_silver,
          lemuel_crystal_altar, orc_0_dummy, st_stairs_10,
          minmay_protected_statue
Temple:   minmay_temple_curvy_loop

Skill      XL: |  1  2  3  4  5  6  7  8  9 10 |
---------------+-------------------------------+-----
Spellcasting   | 5 6 7 |  7.7
Invocations    | 1 2 3 4 5 6 |  6.3
Short Blades   | 1 2 3 5 |  5.7
Long Blades    | 1 2 3 5 |  5.7
Axes           | 1 2 3 5 |  5.7
Polearms       | 1 2 3 5 |  5.7
Staves         | 1 2 3 5 |  5.7
Ranged Weapons | 1 2 3 5 |  5.7
Stealth        | 1 2 3 5 |  5.7
Shields        | 1 2 3 5 |  5.7
Unarmed Combat | 1 2 3 5 |  5.7
Evocations     | 1 2 3 5 |  5.7
Conjurations   | 1 2 3 4 |  4.7
Hexes          | 1 2 3 4 |  4.7
Summonings     | 1 2 3 4 |  4.7
Necromancy     | 1 2 3 4 |  4.7
Transmutations | 1 2 3 4 |  4.7
Fire Magic     | 1 2 3 4 |  4.7
Ice Magic      | 1 2 3 4 |  4.7
Air Magic      | 1 2 3 4 |  4.7
Earth Magic    | 1 2 3 4 |  4.7
Poison Magic   | 1 2 3 4 |  4.7
Throwing       | 3 4 5 6 |  6.3
Armour         | 3 4 5 6 |  6.3
Fighting       | 5 6 7 |  7.4
Maces & Flails | 5 6 7 |  7.4
Dodging        | 5 6 7 |  7.4
Translocations | 6 7 |  7.3

Action                     |  1- 3 |  4- 6 |  7- 9 | 10-12 || total
---------------------------+-------+-------+-------+-------++-------
  Melee: Mace              |    35 |       |       |       ||    35
         Bite              |    17 |    31 |    43 |    14 ||   105
         Punch             |     3 |     4 |    12 |     4 ||    23
         Dagger            |    94 |   204 |   338 |   144 ||   780
         Whip              |       |       |    54 |       ||    54
         Headbutt          |       |       |     4 |    13 ||    17
         Kick              |       |       |     2 |    18 ||    20
  Throw: Dart              |     1 |     6 |    16 |     1 ||    24
         Boomerang         |       |       |     1 |     2 ||     3
         Throwing net      |       |       |       |     1 ||     1
   Cast: Blink             |     1 |       |     8 |       ||     9
         Manifold Assault  |       |       |     8 |    33 ||    41
         Scorch            |       |       |    39 |     3 ||    42
         Vhi's Electric Ch |       |       |     4 |     3 ||     7
         Beastly Appendage |       |       |     3 |     2 ||     5
         Teleport Other    |       |       |     1 |       ||     1
         Ensorcelled Hiber |       |       |       |     4 ||     4
  Evoke: Wand              |       |     1 |    10 |     6 ||    17
    Use: Scroll            |     3 |     1 |     9 |       ||    13
         Potion            |       |       |     8 |     1 ||     9
   Stab: Sleeping          |     1 |       |     4 |     4 ||     9
         Invisible         |       |       |     2 |       ||     2
         Distracted        |       |       |     1 |       ||     1
         Held in net/web   |       |       |       |     2 ||     2
 Armour: Leather armour    |    43 |    17 |       |       ||    60
         Animal skin       |       |    13 |       |       ||    13
         Robe              |       |    14 |    67 |    17 ||    98
  Dodge: Dodged            |    90 |   113 |   255 |    58 ||   516
